AoeStats
← Jan_Rui

MegaRandom

509927824Analyzed
4v4 RM · 4d ago on Sep 28, 2026· 29m 59s· 8 players
Game mode
Random Map
Map size
Large (8 player)
Population
200
Speed
Normal
Resources
Standard
Victory
Conquest
Starting age
Dark Age
Ending age
Imperial Age
RankedLock teamsTeams togetherTeam positionsShared explorationLock speedFull tech treeHidden civsTurbo modeCheats
Victory
Defeat
🇭🇰 Mongols · Hong Kong SAR China
1042
+13
🇮🇳 Turks · India
1035
+14
🇹🇼 Spanish · Taiwan
1016
+14
🇨🇳 Persians · China
1004
+15
🇨🇴 Byzantines · Colombia
1029
-15
🇷🇺 Saxons · Russia
977
-14
🇩🇪 Sicilians · Germany
971
-14
🇺🇸 Magyars · United States
959
-13
怒头堵紧
10:23 Feudal Age
13:25 Loom
15:40 Castle Age
13:48 Double-Bit Axe
14:15 Horse Collar
14:34 Loom
Arham
1:03 Loom
13:29 Feudal Age
14:00 Horse Collar
14:53 Double-Bit Axe
17:11 Fletching
23:14 Castle Age
23:05 Padded Archer Armor
25:22 Leather Archer Armor
25:02 Bodkin Arrow
25:44 Stone Mining
30:08 Thumb Ring
yellowpig
0:30 Loom
11:58 Feudal Age
15:43 Fletching
15:54 Scale Mail Armor
18:33 Castle Age
16:34 Horse Collar
17:50 Double-Bit Axe
22:03 Husbandry
27:16 Heavy Plow
28:29 Siphons
28:53 Bloodlines
30:04 Scale Barding Armor
30:10 Forging
29:24 Light Cavalry
30:34 Medium Warships
code monkey HK
10:50 Feudal Age
11:28 Double-Bit Axe
11:43 Gold Mining
11:48 Loom
16:56 Castle Age
22:44 Bow Saw
23:04 Fervor
23:40 Fervor
24:48 Medium Warships
28:35 Stone Mining
31:10 Stone Shaft Mining
Heftilus
6:01 Loom
12:02 Feudal Age
16:59 Castle Age
18:35 Double-Bit Axe
22:26 Bow Saw
32:25 Imperial Age
Vanilla Wafers
10:47 Feudal Age
11:37 Horse Collar
11:44 Double-Bit Axe
16:16 Wheelbarrow
19:14 Castle Age
18:03 Scale Barding Armor
22:55 Chain Barding Armor
22:50 Heavy Plow
23:23 Bow Saw
Artem
0:45 Loom
11:44 Feudal Age
13:03 Wheelbarrow
12:16 Double-Bit Axe
12:15 Horse Collar
18:32 Castle Age
17:14 Stone Mining
17:14 Gold Mining
17:55 Gold Mining
19:37 Hand Cart
20:31 Town Watch
Jan_Rui
11:20 Feudal Age
12:25 Loom
13:50 Horse Collar
13:57 Double-Bit Axe
17:38 Wheelbarrow
22:22 Castle Age
21:20 Gold Mining
21:24 Stone Mining
24:01 Bow Saw
24:27 Gold Shaft Mining
Connection lost

Rejoining the realm…

Still unreachable

The connection could not be restored.

Session expired

The server has moved on; the page needs a fresh start.